 Dungeon Crawl Stone Soup version 0.22-a0-469-gf26638a (webtiles) character file.

534680 Amnesiac the Lord of Darkness (level 25, -8/137 HPs)
             Began as a Vine Stalker Berserker on June 11, 2018.
             Was the Champion of Kikubaaqudgha.
             Mangled by a death cob (10 damage)
             ... on level 5 of the Realm of Zot.
             The game lasted 01:54:58 (37771 turns).

Amnesiac the Lord of Darkness (VSBe)               Turns: 37771, Time: 01:54:59

Health: -8/137     AC: 38    Str: 30    XL:     25   Next: 76%
Magic:  0/30       EV: 15    Int: 10    God:    Kikubaaqudgha [******]
Gold:   3590       SH: 17    Dex: 18    Spells: 11/24 levels left

rFire    + . .     SeeInvis .   H - +9 quick blade (pain)
rCold    + . .     Gourm    .   o - +2 shield
rNeg     . . .     Faith    .   s - +9 gold dragon scales
rPois    +         Spirit   +   I - +2 hat {Int+3}
rElec    .         Reflect  .   L - scarf {repulsion}
rCorr    +         Harm     .   m - +0 pair of gloves
MR       +++..                  q - +2 pair of boots {run}
Stlth    ..........             P - amulet of rage
HPRegen  1.12/turn              f - +3 ring of slaying
MPRegen  0.22/turn              Y - ring "Innein" {rCorr Slay+3 Stlth+}

@: repel missiles, quick
A: fangs 3, iridescent scales 1, regeneration 2, screaming 1, strong 1, magic
shield, antimagic bite, no potion heal 3, rot immunity
0: Orb of Zot
}: 3/15 runes: decaying, serpentine, silver
a: Receive Corpses, Torment, Renounce Religion, Evoke Berserk Rage


You were on level 5 of the Realm of Zot.
You worshipped Kikubaaqudgha.
Kikubaaqudgha was exalted by your worship.
You were hungry.

You visited 9 branches of the dungeon, and saw 47 of its levels.
You visited 1 bazaar.
You also visited: Ossuary and Bailey.

You collected 4859 gold pieces.
You spent 1269 gold pieces at shops.

Inventory:

Hand Weapons
 H - a +9 quick blade of pain (weapon)
Armour
 m - a +0 pair of gloves (worn)
 o - a +2 shield (worn)
 q - a +2 pair of boots of running (worn)
 s - +9 gold dragon scales (worn)
 I - a +2 hat of intelligence (worn)
 L - a scarf of repulsion (worn)
Jewellery
 f - a +3 ring of slaying (left hand)
 y - the ring of Existentialism {rPois rC+ rN+++ Str-2 Int-4}
   (You found it on level 2 of the Snake Pit)

   [ring of poison resistance]

   It affects your strength (-2).
   It affects your intelligence (-4).
   It protects you from cold.
   It protects you from poison.
   It renders you almost immune to negative energy.
 E - an uncursed ring of magical power
 F - an uncursed ring of flight
 P - an amulet of rage (around neck)
 W - an uncursed ring of magical power
 Y - the ring "Innein" (right hand) {rCorr Slay+3 Stlth+}
   (You took it off a deep elf mage on level 5 of the Vaults)

   [ring of resist corrosion]

   It affects your accuracy and damage with ranged weapons and melee attacks
   (+3).
   It makes you more stealthy.
Wands
 e - a wand of clouds (7)
 A - a wand of paralysis (27)
 C - a wand of acid (7)
 M - a wand of enslavement (8)
 O - a wand of iceblast (17)
 Q - a wand of disintegration (19)
 X - a wand of digging (11)
Scrolls
 a - 2 scrolls of enchant weapon {!r}
 d - 2 scrolls of brand weapon {!r}
 h - 15 scrolls of teleportation {!r}
 i - 21 scrolls of remove curse {!r}
 k - 3 scrolls of amnesia {!r}
 l - 2 scrolls of fog {!r}
 t - 18 scrolls of identify {!r}
 w - 7 scrolls of blinking {!r}
 x - 2 scrolls of fear {!r}
 z - a scroll of summoning {!r}
Potions
 g - 23 potions of curing {!q}
 j - 7 potions of might {!q}
 n - 4 potions of invisibility {!q}
 p - 4 potions of magic {!q}
 r - 6 potions of mutation {!q}
 u - 7 potions of lignification {!q}
 v - 7 potions of flight {!q}
 B - 4 potions of agility {!q}
 D - 3 potions of ambrosia {!q}
 N - 6 potions of brilliance {!q}
 U - a potion of haste {!q}
 V - 5 potions of berserk rage {!q}
Miscellaneous
 T - a fan of gales
Comestibles
 c - 52 rations


   Skills:
 + Level 16.3 Fighting
 - Level 8.0 Short Blades
 + Level 15.0 Armour
 + Level 15.0 Dodging
 - Level 15.0 Shields
 * Level 23.4 Necromancy
 - Level 9.0 Evocations


You had 11 spell levels left.
You knew the following spells:

 Your Spells              Type           Power        Failure   Level  Hunger
a - Animate Dead          Necr           N/A          1%          4    #####..
b - Passwall              Tmut/Erth      #.......     100%        2    ###....
c - Dispel Undead         Necr           #####...     1%          5    ######.
v - Blink                 Tloc           N/A          100%        2    ###....

Your spell library contained the following spells:

 Spells                   Type           Power        Failure   Level  Hunger
 Cause Fear               Hex            #.........   100%        4    #####..
 Fireball                 Conj/Fire      #.........   100%        5    ######.
 Apportation              Tloc           #.....       99%         1    ##.....
 Conjure Flame            Conj/Fire      #.......     100%        3    ####...
 Bolt of Cold             Conj/Ice       #.........   100%        6    #######
 Lightning Bolt           Conj/Air       #.........   100%        5    ######.
 Bolt of Magma            Conj/Fire/Erth #.........   100%        5    ######.
 Slow                     Hex            #.......     100%        2    ###....
 Confuse                  Hex            #.......     100%        3    ####...
 Throw Flame              Conj/Fire      #.....       100%        2    ###....
 Throw Frost              Conj/Ice       #.....       100%        2    ###....
 Freezing Cloud           Conj/Ice/Air   #.........   100%        6    #######
 Mephitic Cloud           Conj/Pois/Air  #.......     100%        3    ####...
 Ring of Flames           Chrm/Fire      #.........   100%        7    #######
 Venom Bolt               Conj/Pois      #.........   100%        5    ######.
 Teleport Other           Tloc           #.......     100%        3    ####...
 Summon Small Mammal      Summ           #...         99%         1    ##.....
 Pain                     Necr           ####         1%          1    ##.....
 Animate Skeleton         Necr           N/A          1%          1    ##.....
 Freeze                   Ice            #...         99%         1    ##.....
 Sticky Flame             Conj/Fire      #.......     100%        4    #####..
 Summon Ice Beast         Ice/Summ       #.......     100%        4    #####..
 Ozocubu's Armour         Chrm/Ice       #.......     100%        3    ####...
 Regeneration             Chrm/Necr      ###.......   16%         3    ####...
 Sublimation of Blood     Necr           #####.....   1%          2    ###....
 Corpse Rot               Necr           N/A          1%          2    ###....
 Iron Shot                Conj/Erth      #.........   100%        6    #######
 Stone Arrow              Conj/Erth      #.....       100%        3    ####...
 Shock                    Conj/Air       #...         99%         1    ##.....
 Swiftness                Chrm/Air       #.......     100%        2    ###....
 Agony                    Necr           #####...     1%          5    ######.
 Deflect Missiles         Chrm/Air       #.........   100%        6    #######
 Throw Icicle             Conj/Ice       #.......     100%        4    #####..
 Airstrike                Air            #.........   100%        4    #####..
 Confusing Touch          Hex            #.....       99%         1    ##.....
 Flame Tongue             Conj/Fire      #....        99%         1    ##.....
 Metabolic Englaciation   Hex/Ice        #.........   100%        5    ######.
 Silence                  Hex/Air        #.........   100%        5    ######.
 Static Discharge         Conj/Air       #.......     100%        3    ####...
 Corona                   Hex            #......      99%         1    ##.....
 Lee's Rapid Deconstruct  Erth           #.........   100%        5    ######.
 Sandblast                Erth           #.....       99%         1    ##.....
 Simulacrum               Ice/Necr       ###.......   100%        6    #######
 Conjure Ball Lightning   Conj/Air       #.........   100%        6    #######
 Excruciating Wounds      Chrm/Necr      ###.......   80%         5    ######.
 Portal Projectile        Hex/Tloc       #.....       100%        3    ####...
 Petrify                  Tmut/Erth      #.......     100%        4    #####..
 Passage of Golubria      Tloc           N/A          100%        4    #####..
 Orb of Destruction       Conj           #.........   100%        7    #######
 Tornado                  Air            #.........   100%        9    #######
 Leda's Liquefaction      Hex/Erth       #.........   100%        4    #####..
 Shroud of Golubria       Chrm/Tloc      #.........   100%        2    ###....
 Inner Flame              Hex/Fire       #.......     100%        3    ####...
 Iskenderun's Battlesphe  Conj/Chrm      #.......     100%        5    ######.
 Summon Lightning Spire   Summ/Air       #.......     100%        4    #####..
 Spellforged Servitor     Conj/Summ      #.........   100%        7    #######
 Gell's Gravitas          Tloc           #.........   100%        3    ####...
 Yara's Violent Unravell  Hex/Tmut       #.........   100%        5    ######.
 Lesser Beckoning         Tloc           #.........   100%        3    ####...
 Poisonous Vapours        Pois/Air       #.....       100%        2    ###....


Dungeon Overview and Level Annotations

Branches:
Dungeon (15/15)            Temple (1/1) D:6            Lair (6/6) D:10
  Swamp (4/4) Lair:3        Snake (4/4) Lair:4        Slime (0/5) Lair:6
    Orc (2/2) D:12            Elf (0/3) Orc:2        Vaults (5/5) D:13
 Depths (5/5) D:15            Zot (5/5) Depths:5
  Crypt: Vaults:2-3

Altars:
Ashenzari
Cheibriados
Dithmenos
Elyvilon
Fedhas
Gozag
Hepliaklqana
Kikubaaqudgha
Makhleb
Nemelex Xobeh
Okawaru
Qazlal
Ru
Sif Muna
Trog
Uskayaw
Vehumet
Wu Jian
Xom
Yredelemnul
Zin
The Shining One

Shops:
D:5 *   D:8 *   D:13 %   Orc:2 ([*:[   Snake:1 *?   Snake:4 %   Depths:5 (%

Portals:
Hell: Depths:5
Trove: D:13 (give +7 demon whip)


Innate Abilities, Weirdness & Mutations

You have razor-sharp teeth.
You heal very quickly.
When hurt, damage is shared between your health and your magic reserves.
Your bite disrupts and absorbs the magic of your enemies.
Potions cannot restore your health.
You are immune to rotting.
You are partially covered in iridescent scales. (AC +2)
You occasionally shout uncontrollably at your foes.
Your muscles are strong. (Str +2)


Message History

A huge blade swings just past you! The smoke demon gestures at you.
Something smites you! You block the death cob's attack.
The yellow draconian stormcaller calls down the wrath of Qazlal upon you.
Qazlal smites you!
There is a blade trap, spattered with blood here.
A huge blade swings out and slices into the death cob!
The death cob is moderately damaged.
You block the red draconian's attack. You block the death cob's attack.
The purple draconian hits you but does no damage.
The red draconian roars!
The death cob hits you but does no damage.
The red draconian hits you with an enchanted mace.
A white draconian stormcaller comes into view.
It is wielding a falchion.
You block the death cob's attack.
The purple draconian hits you with a trident.
A yellow draconian scorcher comes into view.
It is wielding a dagger.
The red draconian breathes flames at you.
The searing blast misses you. The Orb Guardian hits you!!
* * * LOW HITPOINT WARNING * * *
The red draconian breathes flames at you.
The searing blast misses you. The purple draconian barely misses you.
The orb of fire glows bright magenta.
The bolt of fire hits you! You resist.
* * * LOW HITPOINT WARNING * * *
A huge blade swings out and slices into the smoke demon!
The smoke demon is heavily wounded.
You block the death cob's attack. The Orb Guardian misses you.
You block the purple draconian's attack.
The death cob hits you!
* * * LOW HITPOINT WARNING * * *
You block the death cob's attack.
The purple draconian completely misses you.
The Orb Guardian hits you.
* * * LOW HITPOINT WARNING * * *
You block the death cob's attack.
The red draconian is engulfed in blazing flames.
You block the red draconian's attack.
The red draconian is engulfed in blazing flames.
Really quaff
p - 5 potions of magic {!q}?
Magic courses through your body. The death cob hits you!
* * * LOW HITPOINT WARNING * * *
The death cob hits you but does no damage.
The red draconian is engulfed in blazing flames.
The red draconian hits you but does no damage.
The death cob barely misses you.
The yellow draconian stormcaller calls down the wrath of Qazlal upon you.
Qazlal smites you!
* * * LOW HITPOINT WARNING * * *
The purple draconian hits you from afar with a trident!
* * * LOW HITPOINT WARNING * * *
The smoke demon gestures at you. You block the sticky flame.
The red draconian is engulfed in blazing flames.
The red draconian is engulfed in blazing flames.
You found a blade trap!
The orb of fire glows deep purple.
The bolt of fire hits you! You resist.
* * * LOW HITPOINT WARNING * * *
The death cob hits you but does no damage.
The death cob hits you!
You die...
Kikubaaqudgha rasps: "You have failed me!
Welcome... death!"

.▓▓▓.......▓▓▓.....^.^...........
.▓▓.........▓▓...................
^▓....^......▓...................
......≈......q...................
.▓.....≈.....▓ddq.q.....q........
.▓▓.........▓▓*.d3...........,,,,
.▓▓▓.......▓▓▓..............,,,,,
.# ▓▓▓▓▓▓▓▓▓ #..zX.........,,,,,,
## ##.@.........,,,,,,, #
##▓^......,,,,,,,,,
*▓▓▓....,,,,,,,,,
*****▓▓▓▓*****,,,, ##
***,,,,,,,,,,,,,,,,, .##
*#...,**,,,,,,,,,,,,,
..###########...#**,,,,,,,,,,,,,,
...............#**,,,,,,,,,,,,,,,
#......(......#* *,,,,,,,,,,,,,,,


You could see an orb of fire, a purple draconian, 2 draconians, a death cob, 2
draconians, an Orb Guardian, a red draconian scorcher and a smoke demon.

Vanquished Creatures
  10 ancient liches (Zot:5)
  3 orbs of fire (Zot:5)
  2 juggernauts (Depths:4)
  Saint Roka (Depths:4)
  2 Killer Klowns (Zot:5)
  A curse toe (Zot:5)
  2 golden dragons
  Jory (Vaults:4)
  Nikola (Vaults:2)
  The ghost of PegasusDuck the Fencer, an adept FoFi of Uskayaw (Swamp:4)
  Rupert (D:12)
  9 tentacled monstrosities
  3 electric golems (Zot:5)
  A lich (Vaults:5)
  2 titans (Vaults:5)
  20 Orb Guardians (Zot:5)
  5 quicksilver dragons
  2 death cobs
  3 sphinxes (Vaults:5)
  3 thorn hunters (Swamp:4)
  6 shadow dragons
  2 tengu reavers
  The ghost of crawlian the Severer, an adept HOGl of Okawaru (Snake:4)
  7 storm dragons
  Kirke (Lair:6)
  7 nagarajas
  4 draconian monks
  9 fire giants
  6 frost giants
  A ghost moth (Zot:1)
  A draconian scorcher (Zot:5)
  Louise (D:15)
  An orc warlord (Orc:2)
  A draconian knight (Zot:5)
  A deep elf sorcerer (Vaults:5)
  7 vault wardens
  4 draconian shifters
  6 ironheart preservers
  8 draconian annihilators
  12 very ugly things
  14 stone giants
  6 war gargoyles
  A vampire knight (Depths:2)
  17 slime creatures
  4 yellow draconians
  6 green draconians
  Nessos (D:14)
  2 dire elephants (Lair:6)
  9 white draconians
  7 spark wasps
  10 black draconians
  9 red draconians
  2 deep elf annihilators (Vaults:5)
  6 purple draconians
  4 ettins
  2 deep elf death magi (Vaults:5)
  4 fire dragons
  7 rakshasas
  9 yaktaur captains
  5 ogre magi
  A great orb of eyes (Depths:1)
  A deep elf high priest (Vaults:5)
  20 vault guards (Vaults:5)
  13 naga warriors
  The ghost of Fingolfin the Grappler, a novice TrFi of Cheibriados (D:10)
  24 hydras
  7 ice dragons
  4 spriggan air magi (Depths:5)
  A ghost crab (Swamp:4)
  An anaconda (shapeshifter) (Vaults:5)
  A hell beast (Depths:5)
  10 anacondas
  8 centaur warriors
  7 alligators
  A deep troll earth mage (Depths:5)
  2 deep troll shamans
  29 two-headed ogres
  8 death yaks
  5 shock serpents
  A dancing weapon (Vaults:5)
  3 orc high priests (Orc:2)
  2 tengu warriors (D:14)
  Urug (D:12)
  3 spriggan berserkers
  3 soul eaters (Depths:5)
  16 naga sharpshooters
  3 deep elf knights
  2 sun demons (Depths:5)
  A death drake (shapeshifter) (Vaults:5)
  6 iron trolls
  18 hell knights
  2 salamander mystics (Snake:3)
  6 deep trolls
  A wizard (Depths:3)
  2 deep elf archers (Vaults:3)
  2 glowing orange brains
  2 flayed ghosts
  3 unseen horrors
  A spriggan druid (Swamp:4)
  An obsidian statue (Depths:5)
  A phantasmal warrior (Vaults:5)
  7 naga ritualists
  9 swamp dragons
  9 mana vipers
  3 shambling mangroves
  7 orc knights
  3 tengu zombies
  4 ironbrand convokers
  5 oklob plants
  A harpy (shapeshifter) (D:14)
  5 necromancers
  21 ugly things
  7 deep elf magi
  A moth of wrath (shapeshifter) (Depths:5)
  10 moths of wrath
  A wolf spider (shapeshifter) (Vaults:5)
  4 wolf spiders
  9 salamanders
  A frost giant zombie (Vaults:4)
  2 centaur zombies
  8 orc sorcerers
  8 cyclopes
  9 elephants
  A manticore (D:14)
  A fire giant skeleton (Vaults:5)
  2 rust devils
  A frost giant skeleton (Vaults:4)
  26 naga magi
  33 black mambas
  A guardian serpent (Snake:2)
  A guardian serpent (shapeshifter) (Vaults:4)
  2 torpor snails (Lair:2)
  7 vault sentinels
  2 gargoyles
  3 centaur skeletons
  15 spiny frogs
  A komodo dragon (shapeshifter) (D:15)
  A rime drake (shapeshifter) (Depths:4)
  A kobold demonologist (D:14)
  10 komodo dragons
  An efreet (D:15)
  A freezing wraith (Vaults:5)
  A redback zombie (D:15)
  2 ice devils (Depths:5)
  A hellwing (Vaults:4)
  22 yaktaurs
  A tengu conjurer (D:13)
  A polar bear (shapeshifter) (Depths:3)
  2 jumping spiders (shapeshifter)
  A red devil (Depths:5)
  7 trolls
  A queen bee (shapeshifter) (D:15)
  10 tyrant leeches
  10 hornets
  12 polar bears
  15 blink frogs
  4 dream sheep (Lair:6)
  10 hippogriffs
  A hornet (shapeshifter) (Vaults:5)
  7 bog bodies
  A dream sheep (shapeshifter) (Depths:1)
  A slime creature (shapeshifter) (Vaults:4)
  A fire giant simulacrum (Vaults:5)
  Sigmund (D:4)
  4 spriggans
  3 vampires
  3 shadows
  2 water elementals (Depths:1)
  2 wraiths (D:15)
  3 wyverns
  6 basilisks
  Eustachio (D:6)
  3 hogs
  A human (Lair:6)
  41 yaks
  2 steam dragons
  13 vampire mosquitoes
  A hungry ghost (D:12)
  A deep troll zombie (Vaults:4)
  49 nagas
  Edmund (D:4)
  3 wargs
  2 acid dragons
  A deep troll skeleton (Vaults:5)
  A soldier ant (D:15)
  16 swamp worms
  8 water moccasins
  4 porcupines
  3 ice beasts
  48 orc warriors
  14 black bears
  A sky beast (D:11)
  A hornet zombie (D:15)
  16 swamp drakes
  An ettin simulacrum (Vaults:2)
  An eye of draining (shapeshifter) (Vaults:5)
  28 ogres
  2 phantoms
  A boggart (shapeshifter) (Vaults:5)
  28 centaurs
  13 boggarts
  5 wolves (Lair:1)
  18 crocodiles
  A big kobold (shapeshifter) (D:15)
  A big kobold (D:11)
  The ghost of zard0z the Sneak, an amateur SpEn (D:4)
  20 bullfrogs
  A wyvern zombie (D:10)
  4 water moccasin zombies
  4 scorpions
  16 killer bees
  2 howler monkeys
  19 wights
  3 electric eels
  12 crimson imps
  2 bullfrog zombies
  2 iron imps (Depths:5)
  3 hounds
  3 jellies
  27 orc wizards
  2 quasits
  19 orc priests
  2 bullfrog skeletons
  2 iguanas
  8 worker ants
  3 big kobold zombies (Ossuary)
  2 mummies (Ossuary)
  A worker ant zombie (D:5)
  2 gnolls (D:1)
  8 adders
  6 shadow imps
  A white imp (Depths:5)
  3 adder zombies
  5 worms
  2 dart slugs
  3 leopard geckos
  156 orcs
  6 bats
  5 giant cockroaches
  7 goblins
  5 hobgoblins
  13 jackals
  13 kobolds
  4 quokkas
  3 ball pythons
  5 frilled lizards
  3 gnoll zombies (Ossuary)
  5 hobgoblin zombies (Ossuary)
  2 kobold zombies (Ossuary)
  7 orc zombies (Ossuary)
  A quokka skeleton (D:9)
  7 rats
  4 briar patches (Swamp:4)
  2 crawling corpses (Vaults:5)
  3 fungi (Lair:5)
  17 plants
1673 creatures vanquished.

Vanquished Creatures (others)
  Frances (Swamp:1)
  8 moths of wrath (Zot:5)
  3 humans (Lair:6)
  A naga (Snake:4)
  A boggart (Depths:2)
  A worker ant (D:14)
  10 fungi
  6 plants
31 creatures vanquished.

Grand Total: 1704 creatures vanquished

Notes
Turn   | Place    | Note
-------+----------+-------------------------------------------
     0 | D:1      | Amnesiac the Vine Stalker Berserker began the quest for the Orb.
     0 | D:1      | Reached XP level 1. HP: 11/11 MP: 2/2
   245 | D:1      | Reached XP level 2. HP: 7/16 MP: 3/3
   483 | D:1      | Reached XP level 3. HP: 11/19 MP: 2/4
   572 | D:1      | Reached ** piety under Trog
   936 | D:2      | Gained mutation: Your natural rate of healing is unusually fast. [Vine Stalker growth]
   936 | D:2      | Reached XP level 4. HP: 20/23 MP: 5/5
  1289 | D:2      | Found a faded altar of an unknown god.
  1289 | D:2      | Found a faded altar of an unknown god.
  1294 | D:2      | Found a deep blue altar of Sif Muna.
  1296 | D:2      | Found an ancient bone altar of Kikubaaqudgha.
  1297 | D:2      | Found a snail-covered altar of Cheibriados.
  1373 | D:2      | Reached skill level 5 in Short Blades
  1373 | D:2      | Reached XP level 5. HP: 20/27 MP: 3/6
  1734 | D:3      | Found an opulent altar of Gozag.
  1782 | D:3      | Reached *** piety under Trog
  1987 | D:4      | Noticed an ogre
  1992 | D:4      | Killed an ogre
  1992 | D:4      | Reached XP level 6. HP: 32/32 MP: 7/7
  2065 | D:4      | Noticed zard0z's ghost (amateur SpEn)
  2080 | D:4      | Killed zard0z's ghost
  2155 | D:4      | Noticed Sigmund
  2172 | D:4      | Killed Sigmund
  2172 | D:4      | Reached XP level 7. HP: 35/35 MP: 8/8
  2224 | D:4      | Noticed Edmund
  2233 | D:4      | Killed Edmund
  2287 | D:4      | Found a sacrificial altar of Ru.
  2324 | D:4      | Found a white marble altar of Elyvilon.
  2632 | D:5      | Entered Level 5 of the Dungeon
  2821 | D:5      | Found Zin's Purification Station.
  2853 | D:5      | Found a glowing silver altar of Zin.
  3083 | D:5      | Found a shimmering altar of Xom.
  3151 | D:5      | Gained mutation: You have razor-sharp teeth. [Vine Stalker growth]
  3151 | D:5      | Reached XP level 8. HP: 40/40 MP: 9/9
  3331 | D:6      | Noticed Eustachio
  3340 | D:6      | Killed Eustachio
  3410 | D:6      | Found a sand-covered staircase.
  3424 | D:6      | Found a staircase to the Ecumenical Temple.
  3432 | Ossuary  | Entered an ossuary
  3537 | Ossuary  | Reached **** piety under Trog
  4346 | D:7      | Found a stormy altar of Qazlal.
  4376 | D:7      | Reached XP level 9. HP: 30/46 MP: 2/10
  4393 | D:7      | Gained mutation: Scrolls take you a little longer to read. [potion of mutation]
  4393 | D:7      | Lost mutation: Scrolls take you a little longer to read. [potion of mutation]
  4393 | D:7      | Gained mutation: You have an increased reservoir of magic. (+10% MP) [potion of mutation]
  4446 | D:7      | Reached skill level 5 in Fighting
  4836 | D:8      | Reached ***** piety under Trog
  4878 | D:8      | Found Yngunosk's General Store.
  4916 | D:8      | Reached skill level 5 in Dodging
  5057 | D:8      | Reached skill level 5 in Armour
  5741 | D:9      | Reached XP level 10. HP: 41/53 MP: 4/12
  6139 | D:9      | Noticed a gargoyle
  6151 | D:9      | Killed a gargoyle
  6281 | D:10     | Entered Level 10 of the Dungeon
  6352 | D:10     | Found a staircase to the Lair.
  6354 | D:10     | Noticed Fingolfin's ghost (novice TrFi)
  6376 | D:10     | Killed Fingolfin's ghost
  6424 | D:10     | Noticed a gargoyle
  6433 | D:10     | Killed a gargoyle
  6593 | D:10     | Killed an unseen horror
  6664 | D:10     | Found the +8 lance "Wyrmbane" {slay drac, rPois rF+ rC+ AC+3}
  6867 | D:11     | Noticed a two-headed ogre
  6881 | D:11     | Reached XP level 11. HP: 60/60 MP: 13/13
  6885 | D:11     | Killed a two-headed ogre
  6953 | D:11     | Received a gift from Trog
  6954 | D:11     | Got a translucent quarterstaff {god gift}
  7002 | D:11     | Identified the +3 quarterstaff "Simitze" {venom, Stlth+} (Trog gifted it to you on level 11 of the Dungeon)
  7328 | D:11     | Noticed a cyclops
  7368 | D:11     | Killed a cyclops
  7411 | D:11     | Found a flagged portal.
  7426 | Bailey   | Entered a bailey
  8052 | Bailey   | Received a gift from Trog
  8778 | D:12     | Noticed a white ugly thing
  8799 | D:12     | Killed a white ugly thing
  8877 | D:12     | Noticed a six-headed hydra
  8890 | D:11     | Killed a six-headed hydra
  8992 | D:12     | Noticed Urug
  9025 | D:11     | Gained mutation: You heal very quickly. [Vine Stalker growth]
  9025 | D:11     | Reached XP level 12. HP: 6/67 MP: 13/14
  9114 | D:12     | Killed Urug
  9255 | D:12     | Noticed a two-headed ogre
  9271 | D:12     | Found a staircase to the Orcish Mines.
  9304 | D:12     | Killed a two-headed ogre
  9406 | D:12     | Noticed Rupert
  9427 | D:12     | HP: 5/100 [something (1)]
  9430 | D:12     | HP: 2/100 [Rupert/battleaxe of flaming (5)]
  9431 | D:12     | Killed Rupert
  9431 | D:12     | Reached skill level 10 in Fighting
  9564 | D:12     | Reached ****** piety under Trog
  9613 | D:12     | Noticed a four-headed hydra
  9632 | D:12     | Killed a four-headed hydra
  9661 | D:12     | Received a gift from Trog
  9692 | D:12     | Identified a scroll of acquirement {!r}
  9842 | Temple   | Entered the Ecumenical Temple
  9986 | D:2      | Fell from the grace of Trog
  9986 | D:2      | Became a worshipper of Kikubaaqudgha
  9990 | D:2      | Learned a level 2 spell: Passwall
 10236 | Orc:1    | Entered Level 1 of the Orcish Mines
 10349 | D:12     | Reached skill level 1 in Necromancy
 10458 | D:13     | Reached skill level 2 in Necromancy
 10459 | D:13     | Noticed a centaur warrior
 10460 | D:13     | Noticed a yaktaur captain
 10468 | D:13     | Killed a centaur warrior
 10468 | D:13     | Reached skill level 3 in Necromancy
 10485 | D:13     | Killed a yaktaur captain
 10485 | D:13     | Reached skill level 4 in Necromancy
 10606 | Lair:1   | Entered Level 1 of the Lair of Beasts
 10714 | Lair:1   | Reached skill level 5 in Necromancy
 10772 | Lair:1   | Reached XP level 13. HP: 72/72 MP: 15/15
 10821 | Lair:1   | Reached skill level 6 in Necromancy
 11030 | Lair:1   | Reached * piety under Kikubaaqudgha
 11030 | Lair:1   | Identified Kikubaaqudgha's Disquisition on Dark Rites (Kikubaaqudgha gifted it to you on level 1 of the Lair of Beasts)
 11030 | Lair:1   | Received a gift from Kikubaaqudgha
 11075 | Lair:1   | Paralysed by Trog for 2 turns
 11162 | Lair:1   | Reached skill level 7 in Necromancy
 11745 | Lair:2   | Reached skill level 8 in Necromancy
 12026 | Lair:2   | Reached ** piety under Kikubaaqudgha
 12206 | Lair:2   | Reached skill level 9 in Necromancy
 12414 | Lair:3   | Found a staircase to the Swamp.
 13359 | Lair:4   | Reached skill level 1 in Evocations
 13782 | Lair:3   | HP: 2/72 [two-headed ogre/giant club[the rage of Trog] (23)]
 13937 | Lair:4   | Found a blossoming altar of Fedhas.
 14313 | Lair:4   | Found a staircase to the Snake Pit.
 14569 | Lair:4   | Reached skill level 5 in Evocations
 14788 | Lair:5   | Reached XP level 14. HP: 47/77 MP: 22/22
 14826 | Lair:5   | Reached *** piety under Kikubaaqudgha
 14826 | Lair:5   | Identified Kikubaaqudgha's Disquisition on Darkness (Kikubaaqudgha gifted it to you on level 5 of the Lair of Beasts)
 14826 | Lair:5   | Received a gift from Kikubaaqudgha
 14892 | Lair:5   | Learned a level 4 spell: Animate Dead
 14901 | Lair:5   | Learned a level 5 spell: Dispel Undead
 14924 | Lair:5   | Got a bloodstained war axe
 15195 | Lair:5   | Found a blossoming altar of Fedhas.
 15607 | Lair:6   | Entered Level 6 of the Lair of Beasts
 15674 | Lair:6   | Noticed Kirke
 16167 | Lair:6   | Killed Kirke
 16167 | Lair:6   | Reached skill level 10 in Necromancy
 16197 | Lair:6   | Reached **** piety under Kikubaaqudgha
 16218 | Lair:6   | Reached skill level 11 in Necromancy
 16407 | Lair:6   | Found a staircase to the Slime Pits.
 17508 | Lair:6   | Noticed a dire elephant
 17508 | Lair:6   | Noticed a dire elephant
 17525 | Lair:6   | Killed a dire elephant
 17536 | Lair:6   | Killed a dire elephant
 17536 | Lair:6   | Reached skill level 12 in Necromancy
 18052 | Orc:1    | Reached ***** piety under Kikubaaqudgha
 18460 | Orc:2    | Entered Level 2 of the Orcish Mines
 18467 | Orc:2    | Found Neunefo's Armour Emporium.
 18567 | Orc:2    | Reached XP level 15. HP: 81/81 MP: 24/24
 18585 | Orc:2    | Found Xosops's Book Shop.
 18613 | Orc:2    | Reached skill level 13 in Necromancy
 18819 | Orc:2    | Found Houcucau's General Store.
 18853 | Orc:2    | Paralysed by an orc sorcerer for 3 turns
 18936 | Orc:2    | Found Popev's Antique Armour Emporium.
 18979 | Orc:2    | Found Kirercho's Antique Weapon Boutique.
 18998 | Orc:2    | Noticed an orc warlord
 19016 | Orc:2    | Killed an orc warlord
 19048 | Orc:2    | Bought a glowing scarf for 216 gold pieces
 19138 | Orc:2    | Found a staircase to the Elven Halls.
 19157 | Orc:2    | Was forgiven by Trog
 19747 | Orc:2    | Reached skill level 14 in Necromancy
 19863 | D:13     | Found Kiash's Food Shop.
 20072 | D:13     | Found a portal to a secret trove of treasure.
 20236 | D:13     | Reached ****** piety under Kikubaaqudgha
 20269 | D:13     | Found a gate to the Vaults.
 20373 | D:13     | Identified a +9 quick blade of pain (a +9 quick blade of piercing bloodied by Kikubaaqudgha)
 20373 | D:13     | Received a gift from Kikubaaqudgha
 20683 | D:14     | Reached skill level 15 in Necromancy
 20895 | D:14     | Noticed an angel
 20896 | D:14     | Found a glowing silver altar of Zin.
 21164 | D:15     | Entered Level 15 of the Dungeon
 21166 | D:15     | Noticed Louise
 21166 | D:15     | Noticed Nessos
 21243 | D:14     | Killed Nessos
 21243 | D:14     | Reached skill level 1 in Shields
 21332 | D:15     | Killed Louise
 21505 | D:15     | Reached XP level 16. HP: 39/86 MP: 26/26
 21520 | D:15     | Reached skill level 5 in Shields
 22185 | D:15     | Found a staircase to the Depths.
 22389 | Snake:1  | Entered Level 1 of the Snake Pit
 22443 | Snake:1  | Found Atairul's General Store.
 22462 | Snake:1  | Bought a +2 pair of boots of running for 581 gold pieces
 22698 | Snake:1  | Found Liheg's Magic Scroll Shop.
 22711 | Snake:1  | Bought a scroll of blinking for 112 gold pieces
 22711 | Snake:1  | Bought 2 scrolls of blinking for 225 gold pieces
 22711 | Snake:1  | Bought a scroll of teleportation for 45 gold pieces
 22711 | Snake:1  | Bought a scroll of teleportation for 45 gold pieces
 22711 | Snake:1  | Bought a scroll of teleportation for 45 gold pieces
 23076 | Snake:2  | Got a crude jade ring
 23379 | Snake:2  | Noticed a nagaraja
 23400 | Snake:2  | Killed a nagaraja
 23415 | Snake:2  | Noticed a nagaraja
 23445 | Snake:2  | Killed a nagaraja
 23485 | Snake:2  | Identified the ring of Existentialism {rPois rC+ rN+++ Str-2 Int-4} (You found it on level 2 of the Snake Pit)
 23699 | Snake:2  | Reached skill level 10 in Shields
 24458 | Snake:3  | Reached XP level 17. HP: 42/90 MP: 27/27
 24972 | Snake:4  | Entered Level 4 of the Snake Pit
 25022 | Snake:4  | Reached skill level 16 in Necromancy
 25170 | Snake:4  | Reached skill level 10 in Armour
 25182 | Snake:4  | Reached skill level 10 in Dodging
 25281 | Snake:4  | Found Bofabrinn's Food Shoppe.
 25313 | Snake:4  | Noticed crawlian's ghost (adept HOGl)
 25349 | Snake:4  | Killed crawlian's ghost
 26363 | Snake:4  | Got a serpentine rune of Zot
 26678 | Swamp:1  | Entered Level 1 of the Swamp
 26710 | Swamp:1  | Noticed Frances
 26730 | Swamp:1  | Killed Frances
 26730 | Swamp:1  | Reached XP level 18. HP: 82/96 MP: 28/28
 27508 | Swamp:3  | Reached skill level 17 in Necromancy
 27565 | Swamp:4  | Entered Level 4 of the Swamp
 28770 | Swamp:4  | Noticed PegasusDuck's ghost (adept FoFi)
 28815 | Swamp:4  | Killed PegasusDuck's ghost
 28956 | Swamp:4  | Got a decaying rune of Zot
 29239 | Vaults:1 | Entered Level 1 of the Vaults
 29374 | Vaults:2 | Noticed Nikola
 29403 | Vaults:2 | Reached XP level 19. HP: 94/102 MP: 29/29
 29424 | Vaults:2 | Killed Nikola
 29627 | Vaults:3 | Reached skill level 18 in Necromancy
 29851 | Vaults:4 | Noticed Jory
 29917 | Vaults:4 | Killed Jory
 29959 | Vaults:4 | Reached XP level 20. HP: 107/107 MP: 30/30
 30888 | Vaults:5 | Entered Level 5 of the Vaults
 30980 | Vaults:5 | Got an iridescent scimitar {holy}
 30980 | Vaults:5 | Got an ancient glass ring
 31034 | Vaults:5 | Got a pair of shimmering boots
 31045 | Vaults:5 | Identified the +2 pair of boots of Indomitability {Regen+} (You found it on level 5 of the Vaults)
 31055 | Vaults:5 | Identified Main's Tome of Freezing Flight
 31060 | Vaults:5 | Identified the ring "Innein" {rCorr Slay+3 Stlth+} (You took it off a deep elf mage on level 5 of the Vaults)
 31067 | Vaults:5 | Got a twisted chain mail
 31078 | Vaults:5 | Identified the +2 chain mail of Free Will {SInv} (You found it on level 5 of the Vaults)
 31323 | Vaults:5 | Noticed a golden dragon
 31351 | Vaults:5 | Killed a golden dragon
 31439 | Vaults:5 | Learned a level 2 spell: Blink
 31482 | Vaults:5 | Reached XP level 21. HP: 112/112 MP: 31/31
 31792 | Vaults:5 | Reached skill level 15 in Shields
 31896 | Vaults:5 | Reached skill level 19 in Necromancy
 32656 | Vaults:5 | Got a silver rune of Zot
 32716 | Vaults:4 | Reached XP level 22. HP: 106/118 MP: 32/32
 32998 | Depths:1 | Entered Level 1 of the Depths
 33059 | Depths:1 | You fall through a shaft!
 33887 | Depths:4 | Reached skill level 20 in Necromancy
 34119 | Depths:5 | Entered Level 5 of the Depths
 34348 | Depths:4 | Noticed Saint Roka
 34512 | Depths:5 | Found a flickering gateway to a bazaar.
 34518 | Bazaar   | Entered a bazaar
 34518 | Bazaar   | Found Ihethac's Food Shoppe.
 34518 | Bazaar   | Found Qonlurr's Food Shoppe.
 34518 | Bazaar   | Found Padop's Antique Weapon Emporium.
 34626 | Depths:4 | Killed Saint Roka
 34677 | Depths:4 | Noticed a juggernaut
 34681 | Depths:4 | Noticed a juggernaut
 34706 | Depths:4 | Killed a juggernaut
 34747 | Depths:4 | Reached XP level 23. HP: 63/124 MP: 33/33
 34794 | Depths:4 | Killed a juggernaut
 34898 | Depths:5 | Found a gateway to Hell.
 35171 | Depths:5 | Found Kyga's Weapon Shop.
 35189 | Depths:5 | Found Zuroleso's Food Shop.
 35292 | Depths:5 | Reached skill level 21 in Necromancy
 35383 | Depths:5 | Found a gate to the Realm of Zot.
 35420 | Zot:1    | Entered Level 1 of the Realm of Zot
 35753 | Zot:5    | Entered Level 5 of the Realm of Zot
 35888 | Zot:5    | Noticed an orb of fire
 35904 | Zot:5    | Noticed an ancient lich
 35928 | Zot:5    | Killed an ancient lich
 35958 | Zot:5    | Noticed an ancient lich
 35969 | Zot:5    | Gained mutation: Scrolls take you a little longer to read. [an orb of fire]
 36133 | Zot:5    | Killed an orb of fire
 36133 | Zot:5    | Reached XP level 24. HP: 67/130 MP: 33/33
 36186 | Zot:5    | Reached skill level 15 in Fighting
 36284 | Zot:5    | Noticed an ancient lich
 36296 | Zot:5    | Killed an ancient lich
 36607 | Zot:5    | Noticed an ancient lich
 36659 | Zot:5    | Reached skill level 22 in Necromancy
 36671 | Zot:5    | Noticed an ancient lich
 36687 | Zot:5    | Killed an ancient lich
 36722 | Zot:5    | Killed an ancient lich
 36882 | Zot:5    | Noticed an ancient lich
 36912 | Zot:5    | Killed an ancient lich
 36979 | Zot:5    | Killed an ancient lich
 37003 | Zot:5    | Noticed a Killer Klown
 37005 | Zot:5    | Noticed an orb of fire
 37026 | Zot:5    | Killed a Killer Klown
 37030 | Zot:5    | Gained mutation: You tend to lose your temper in combat. [an orb of fire]
 37071 | Zot:5    | Killed an orb of fire
 37115 | Zot:5    | Noticed an orb of fire
 37144 | Zot:5    | Killed an orb of fire
 37167 | Zot:5    | Noticed an ancient lich
 37183 | Zot:5    | Killed an ancient lich
 37183 | Zot:5    | Reached XP level 25. HP: 129/137 MP: 32/33
 37187 | Zot:5    | Noticed an ancient lich
 37216 | Zot:5    | Killed an ancient lich
 37258 | Zot:5    | Lost mutation: Scrolls take you a little longer to read. [potion of mutation]
 37258 | Zot:5    | Lost mutation: You have an increased reservoir of magic. (+10% MP) [potion of mutation]
 37258 | Zot:5    | Gained mutation: Your mind is acute. (Int +2) [potion of mutation]
 37258 | Zot:5    | Gained mutation: You have large cloven feet. [potion of mutation]
 37260 | Zot:5    | Lost mutation: You tend to lose your temper in combat. [potion of mutation]
 37260 | Zot:5    | Lost mutation: You have large cloven feet. [potion of mutation]
 37260 | Zot:5    | Lost mutation: Your mind is acute. (Int +2) [potion of mutation]
 37260 | Zot:5    | Gained mutation: Your muscles are strong. (Str +2) [potion of mutation]
 37260 | Zot:5    | Gained mutation: You occasionally shout uncontrollably at your foes. [potion of mutation]
 37260 | Zot:5    | Gained mutation: You are partially covered in iridescent scales. (AC +2) [potion of mutation]
 37287 | Zot:5    | Noticed an ancient lich
 37316 | Zot:5    | Killed an ancient lich
 37405 | Zot:5    | Reached skill level 23 in Necromancy
 37429 | Zot:5    | Noticed a Killer Klown
 37446 | Zot:5    | Killed a Killer Klown
 37453 | Zot:5    | Noticed an ancient lich
 37480 | Zot:5    | Killed an ancient lich
 37673 | Zot:5    | Reached skill level 15 in Dodging
 37684 | Zot:5    | Reached skill level 15 in Armour
 37751 | Zot:5    | Got the Orb of Zot
 37752 | Zot:5    | Noticed an orb of fire
 37771 | Zot:5    | HP: 2/137 [orb of fire/bolt of fire (19)]
 37771 | Zot:5    | Mangled by a death cob

Vault maps used:
D:1:      ncdulo_lavacross
D:2:      chequers_temple_overflow_minitemple, minmay_unequal
D:3:      grunt_gozag_statues
D:4:      kennysheep_little_box, elyvilon_altar_1, amethyst_killhole,
          uniq_sigmund, uniq_edmund
D:5:      zin_purify, first_ration, abandoned_shop, xom_teletrap_fun
D:6:      temple_doors_e, enter_ossuary_3, uniq_eustachio
D:7:      moated_statue, grunt_ogre_cave, grunt_qazlal_clouds
D:8:      serial_shops, shop, eino_tiny_chamber
D:10:     dpeg_oklobed_lair
D:11:     enter_bailey_2
D:12:     hiddenorc2_lemuel, minmay_misc_feat_ornament, uniq_urug, uniq_rupert
D:13:     david_vaults_2, enter_trove_2, serial_shops, shop, kennysheep_potato
D:14:     zin_angel, item_on_display_a
D:15:     gammafunk_enter_depths_forms, hangedman_abyss_or_decor_stagger,
          st_stairs_12, grunt_decor_resistance, uniq_louise, uniq_nessos
Temple:   nicolae_temple_no_exploring_needed
Lair:1:   infiniplex_staircase_pool_2, lemuel_fruit_fields
Lair:2:   dpeg_oklob_gauntlet, lemuel_fruit_fields
Lair:3:   swamp_mist_pool, wad_woods_river_04, lemuel_fruit_fields
Lair:4:   minmay_snake_entry_guardpost_medium, lemuel_oklob_altar
Lair:5:   tgw_fedhas, lemuel_fruit_tree, serial_bayou_shore_a
Lair:6:   due_jungle_book, slime_dummy, st_stairs_3, uniq_kirke
Swamp:1:  nicolae_swamp_trees_clearing, uniq_frances
Swamp:2:  evilmike_swamp_ruin_house_5, uniq_donald
Swamp:3:  hangedman_swamp_ruin_wall, swamp_pool1
Swamp:4:  swamp_basic_johnstein, swamp_pool5
Snake:1:  serial_shops, shop, shop
Snake:4:  snake_pit, serial_shops, nicolae_shop_stone, grunt_megastairs_3
Orc:1:    nicolae_orc_tapped_out
Orc:2:    grunt_orc_gardens, grunt_orc_garden, grunt_orc_garden,
          grunt_orc_garden, grunt_orc_garden, serial_shops,
          nicolae_shop_temple_entry_statues_fountains, minmay_orc_barracks
Vaults:1: v_misc_5, nicolae_vaults_network_quinsquares,
          vaults_room_guarded_vault, nicolae_vaults_network_barrier,
          dpeg_vaults_monster_row, v_misc_1, v_misc_17, vaults_dpeg_ring,
          ontoclasm_vaults_ring_small, nicolae_vaults_asterisk,
          vaults_standard_mumra_x, serial_shops, shop
Vaults:2: vaults_standard_mumra_lines, grunt_vaults_trifunnel, vaults_mumra_lcd,
          vaults_room_corners, v_misc_29, v_misc_18, ontoclasm_vaults_tryst,
          v_alt_pattern_6, vaults_mumra_chevron, nicolae_vaults_theta,
          serial_shops, shop, uniq_nikola
Vaults:3: v_misc_22, v_misc_14, nicolae_vaults_ring_of_whatevers, v_rooms_4,
          vaults_mumra_hexcomb, nicolae_vaults_twisting_passages,
          minmay_crypt_entry_skeletal_spiral, v_rooms_1,
          hangedman_vaults_corner_blocks, nicolae_vaults_mini_display_case,
          ontoclasm_vaults_pinch, v_misc_14, hangedman_vaults_nails,
          nicolae_vaults_asterisk, ontoclasm_vaults_twist, serial_shops, shop,
          nicolae_shop_trees
Vaults:4: vaults_dpeg_hooks, nicolae_vaults_asterisk, nicolae_vaults_little_ls,
          v_alt_pattern_4, st_lattice, vaults_room_semicircle, v_alt_pattern_1,
          vaults_room_fours, nicolae_vaults_little_squares_6, uniq_jory
Vaults:5: serial_shops
Depths:1: minmay_misc_feat_five, pf_vacation_house_of_asmodeus, serial_shops,
          nicolae_shop_window_shopping, nicolae_abyss_entry_one_way_or_another,
          grunt_pan_entry_sceptre, grunt_decor_mini_mirrors,
          lightli_giant_bouncers
Depths:2: minmay_two_paths, enter_ziggurat_f, grunt_pan_entry_zigzag,
          hell_entry, nicolae_benzene_ring, minmay_staircase_bubble
Depths:3: thingy_vault, serial_shops, shop, abyss_entry, pan_entry,
          corexii_leaking_fountain, hellmouth_1, minmay_hollow_rounded_squares,
          minmay_staircase_statues_hall_small
Depths:4: minmay_connected_triangles_in_corner, grunt_hell_entry_dis_mu,
          abyss_entry_small_statue_room, kennysheep_boxes, uniq_saint_roka,
          uniq_mara, uniq_sojobo, uniq_boris, uniq_jorgrun
Depths:5: evilmike_zot_entry_basic, grunt_hell_entry_demonic_statue,
          serial_shops, bzr_entry_safe, shop, shop, shop, shop,
          minmay_misc_feat_plants, basic_stair_grate_trap
Zot:1:    nzn_random_ring
Zot:4:    kennysheep_bubbly
Bazaar:   bazaar_minmay_row
Ossuary:  ossuary_tomb_2
Bailey:   bailey_polearm_flooded_kennysheep, bailey

Skill      XL: |  1  2  3  4  5  6  7  8  9 10 11 12 13 14 15 16 17 18 19 20 21 22 23 24 25 |
---------------+----------------------------------------------------------------------------+-----
Short Blades   | 3 4 5 6 7 8 |  8.0
Fighting       | 3 4 6 8 9 10 11 12 13 14 15 16 | 16.3
Armour         | 2 3 5 7 8 9 10 11 12 13 14 15 | 15.0
Dodging        | 2 3 5 7 8 9 10 11 12 13 14 15 | 15.0
Necromancy     | 5 9 12 15 16 17 18 19 20 21 22 23 | 23.4
Evocations     | 6 9 |  9.0
Shields        | 4 10 11 12 13 15 | 15.0

Action                   |  1- 3 |  4- 6 |  7- 9 | 10-12 | 13-15 | 16-18 | 19-21 | 22-24 | 25-27 || total
-------------------------+-------+-------+-------+-------+-------+-------+-------+-------+-------++-------
Melee: Short sword       |    90 |   152 |   117 |       |       |       |       |       |       ||   359
       Bite              |    25 |    38 |   173 |   381 |  1053 |   795 |   519 |   848 |   141 ||  3973
       Unarmed           |       |       |     3 |       |       |       |       |       |       ||     3
       Rapier            |       |       |   350 |   118 |       |       |       |       |       ||   468
       Dagger            |       |       |       |   720 |       |       |       |       |       ||   720
       Quick blade       |       |       |       |    45 |  2197 |  1820 |   941 |  1555 |   230 ||  6788
 Cast: Dispel Undead     |       |       |       |       |       |    10 |     2 |       |     6 ||    18
Invok: Berserk           |     1 |     2 |     5 |    15 |       |       |       |       |       ||    23
       Receive Corpses   |       |       |       |       |     2 |       |       |       |       ||     2
       Brand Weapon With |       |       |       |       |     1 |       |       |       |       ||     1
 Abil: Evoke Berserk Rag |       |       |       |       |     7 |     4 |     4 |     2 |       ||    17
Evoke: Wand              |       |       |       |    49 |     2 |     1 |       |       |       ||    52
  Use: Scroll            |       |       |    10 |    14 |    13 |     3 |    14 |     8 |     1 ||    63
       Potion            |       |       |     2 |     2 |       |     1 |     2 |     3 |     3 ||    13
 Stab: Sleeping          |     2 |     1 |       |       |       |       |       |       |       ||     3
       Petrified         |       |       |       |     3 |       |       |       |       |       ||     3
       Distracted        |       |       |       |       |       |       |     1 |       |       ||     1
  Eat: Chunk             |     1 |     4 |    17 |    32 |    32 |    13 |    12 |    17 |     4 ||   132
       Ration            |       |       |       |     1 |     3 |     6 |     1 |       |       ||    11
Armor: Animal skin       |    25 |    15 |       |       |       |       |       |       |       ||    40
       Ring mail         |       |     4 |    95 |   173 |       |       |       |       |       ||   272
       Plate armour      |       |       |       |    46 |   234 |   321 |   105 |       |       ||   706
       Acid dragon scale |       |       |       |    14 |   126 |       |       |       |       ||   140
       Gold dragon scale |       |       |       |       |       |       |   103 |   337 |    46 ||   486
Dodge: Dodged            |    70 |    69 |   209 |   551 |   705 |   316 |   157 |   229 |    32 ||  2338
       Deflected         |       |       |       |       |    10 |    66 |    14 |    27 |     5 ||   122
Block: Shield            |       |       |       |       |       |   529 |   303 |   529 |    75 ||  1436

Table legend:
 A = Spawn XP
 B = Non-spawn XP
 C = Spawn XP percentage of total XP
 D = Spawn monster count
 E = Non-spawn monster count
 F = Spawn count percentage of total count
 G = Total turns spent on level
                    A         B        C        D         E        F      G
               +---------+---------+-------+---------+---------+-------+---------
         Total |       0 |  987423 |   0.0 |       0 |    1599 |   0.0 | 37771
               +---------+---------+-------+---------+---------+-------+---------
           D:1 |       0 |      70 |   0.0 |       0 |      27 |   0.0 |   778
           D:2 |       0 |     103 |   0.0 |       0 |      25 |   0.0 |   988
           D:3 |       0 |      93 |   0.0 |       0 |      21 |   0.0 |   411
           D:4 |       0 |     674 |   0.0 |       0 |      10 |   0.0 |   683
           D:5 |       0 |     300 |   0.0 |       0 |      16 |   0.0 |   734
           D:6 |       0 |     493 |   0.0 |       0 |      16 |   0.0 |   783
           D:7 |       0 |     483 |   0.0 |       0 |       9 |   0.0 |   453
           D:8 |       0 |    1585 |   0.0 |       0 |      28 |   0.0 |  1043
           D:9 |       0 |    2065 |   0.0 |       0 |      26 |   0.0 |   611
          D:10 |       0 |    2845 |   0.0 |       0 |      17 |   0.0 |   663
          D:11 |       0 |    5883 |   0.0 |       0 |      51 |   0.0 |  1377
          D:12 |       0 |   10665 |   0.0 |       0 |      62 |   0.0 |  1034
          D:13 |       0 |   10380 |   0.0 |       0 |      45 |   0.0 |   909
          D:14 |       0 |   14146 |   0.0 |       0 |      45 |   0.0 |   727
          D:15 |       0 |   19480 |   0.0 |       0 |      44 |   0.0 |  1005
        Lair:1 |       0 |    4511 |   0.0 |       0 |      26 |   0.0 |  1100
        Lair:2 |       0 |    6866 |   0.0 |       0 |      23 |   0.0 |   948
        Lair:3 |       0 |     820 |   0.0 |       0 |       3 |   0.0 |  1051
        Lair:4 |       0 |    6410 |   0.0 |       0 |      24 |   0.0 |  1183
        Lair:5 |       0 |   13969 |   0.0 |       0 |      45 |   0.0 |  1410
        Lair:6 |       0 |   17705 |   0.0 |       0 |      42 |   0.0 |  1771
       Swamp:1 |       0 |   14140 |   0.0 |       0 |      36 |   0.0 |   837
       Swamp:2 |       0 |     775 |   0.0 |       0 |       3 |   0.0 |    40
       Swamp:3 |       0 |    9006 |   0.0 |       0 |      24 |   0.0 |   267
       Swamp:4 |       0 |   42876 |   0.0 |       0 |      64 |   0.0 |  1263
       Snake:1 |       0 |    7475 |   0.0 |       0 |      14 |   0.0 |   646
       Snake:2 |       0 |   18481 |   0.0 |       0 |      33 |   0.0 |  1142
       Snake:3 |       0 |   26079 |   0.0 |       0 |      50 |   0.0 |   855
       Snake:4 |       0 |   49746 |   0.0 |       0 |      80 |   0.0 |  1599
         Orc:1 |       0 |    3789 |   0.0 |       0 |      48 |   0.0 |   543
         Orc:2 |       0 |   13705 |   0.0 |       0 |      74 |   0.0 |  1338
      Vaults:1 |       0 |    5476 |   0.0 |       0 |      10 |   0.0 |    97
      Vaults:2 |       0 |   12994 |   0.0 |       0 |      15 |   0.0 |   359
      Vaults:3 |       0 |    8644 |   0.0 |       0 |      14 |   0.0 |   304
      Vaults:4 |       0 |   35578 |   0.0 |       0 |      44 |   0.0 |  1112
      Vaults:5 |       0 |  138324 |   0.0 |       0 |     116 |   0.0 |  1813
      Depths:1 |       0 |   14908 |   0.0 |       0 |      25 |   0.0 |   242
      Depths:2 |       0 |   14728 |   0.0 |       0 |      22 |   0.0 |   421
      Depths:3 |       0 |   10731 |   0.0 |       0 |      17 |   0.0 |   183
      Depths:4 |       0 |   54223 |   0.0 |       0 |      35 |   0.0 |   570
      Depths:5 |       0 |   67825 |   0.0 |       0 |      81 |   0.0 |   980
         Zot:1 |       0 |   10637 |   0.0 |       0 |       6 |   0.0 |    92
         Zot:2 |       0 |   10729 |   0.0 |       0 |       7 |   0.0 |   136
         Zot:3 |       0 |    7878 |   0.0 |       0 |       6 |   0.0 |    70
         Zot:4 |       0 |   32547 |   0.0 |       0 |      24 |   0.0 |   332
         Zot:5 |       0 |  253932 |   0.0 |       0 |      80 |   0.0 |  1721
       Ossuary |       0 |     378 |   0.0 |       0 |      27 |   0.0 |   204
        Bailey |       0 |    2273 |   0.0 |       0 |      39 |   0.0 |   915
               +---------+---------+-------+---------+---------+-------+---------
